Workbook

Sheet PRESUPUESTO OFICIAL
A3: Principio de Procedencia: 1105.17.011 | C3: Versión: 01 | E3: Fecha:28/10/2019 | F3: Página: 1 de 1
A4: OBJETO: RCNC0805 ADQUISICION RADIÓS BASE TRANSCEPTORES Y PORTATILES EN BANDA AERONAUTICA VHF, PARA TORRES DE CONTROL Y ESTACIONES AERONAUTICAS DE LA REGIONAL CUNDINAMARCA
A5: TRANSCEPTORES DE RADIO BASE Y PORTATILES
A7: ÍTEM | B7: DESCRIPCIÓN | C7: UNIDAD | D7: CANTIDAD | E7: VALOR UNITARIO | F7: VALOR PARCIAL
A8: 1 | B8: RADIO BASE (TRANSCEPTOR) Banda Aeronáutica VHF: Rango de frecuencia VHF 118,000 Mhz a 136,975 Mhz con espaciamientos de 25,0 Khz;118.000 Mhz a 136,992 Mhz con espaciamientos de 8,33 Khz; Modulación: AM (6K00A3E / 5K60A3E); Estabilidad de frecuencia: ±5 ppm; Rango de temperatura de trabajo: -20 °C a 55 °C; Impedancia de antena: 50 ohmios; Número de canales de memoria: 20 posiciones de memoria mínimo; Energía de alimentación requerida: AC 110 VAC/220 VAC 60 Hz - DC de 12 A 24 VDC; Potencia de salida RF: 8 W mínimo (potencia efectiva de portadora) o mejor; Emisión de espurios: - 60 dBc; Rango de modulación: 70 % (máximo 98%); Sensibilidad de recepción: señal de 2 microvoltios o menor, 6dB S/N; Selectividad de recepción: Con pasos de 25Khz ± 3 Khz 6 dB ±22 Khz 60 dB; Con pasos de 8,33 Khz ± 2,778 Khz 6 dB ±7,33 Khz 60 dB; Respuesta de espurios: Mejor que 74 dBu ; Accesorios: Micrófono, kit de instalación en mesa (consola), parlante externo; Puerto de RF 50 OHM:Conector N Hembra (o con adaptador coaxial); Tipo de Montaje: Base para Consola Aeronáutica con Soporte mecánico de fijación metalico; Micrófono: De mano o de pedestal (de preferencia) con Impedancia Compatible al puerto de entrada; Pantalla: Alfanumérica e indicador de señal de recepción y transmisión, tipo matriz de puntos para visión nocturna y diurna; Selectividad: 6dB +- 3Khz / 60dB+-22Khz; Impedancia de salida parlante: 5W @ 4 Ohmios; Reducción de ruido: Función ANL (Automatic noise limiter); Límite de Modulación: 70% (Max 98%); Interfaz ETH: Acceso de red para control ; Puerto salida audio: Disponibilidad de un puerto análogo de voz para grabación externa; Garantía: Dos (2) años | C8: UND | D8: 14 | E8: =+ANALISIS!V8 -> 5831492 | F8: =+E8*$D8 -> 81640888
A9: 2 | B9: RADIOS TRANSCEPTORES PORTATILES BANDA AERONAUTICA VHF: Pantalla Alfanumérica e indicador de señal, que facilite visión nocturna y diurna; LCD > a 2,3Pulg; Batería: Ion de litio de gran capacidad (2350 mAh) con Indicador de carga; Separación de canal: 8,33 KHz y 25 KHz; Tecla Acceso Configuración: que permita selección inmediata con EMERG 121,50 MHZ; Rango de frecuencia: 118.0 MHz a 136,992 MHz 25/8,33 Khz : Protección: Norma IP57; Antena Impedancia de: 50 ohmios omnidireccional; Estabilidad de frecuencia: ±0,4 KHz o ; mejor; Memoria Canales: 20 o más posiciones de memoria, Configuracionpor Grupos, función de SCAN; Tipo de Modulación: AM (6K00A3E/5K60A3E); Cargador: Voltaje de entrada 110 / 220 VAC carga rápida; TRANSMISION: Potencia RF: Salida 6,0 W / 1,8W (PEP/Portadora); S/N > de 35dB; Emisión de espurios:> de 46dB; Audio Distorsión armónicos: > de 10% (a 60% de Modulación); RECEPCION; Frecuencias Intermedia:46,35 MHZ / 450 KHZ; Sensibilidad: COM (6dB S/N) > de 0 dB; Squelch Sensibilidad > de 0 dB (AM); > de - 5dB (FM); Audio Potencia salida: 350 mW típicos (AM 8 ohm/ 60% Mod a 10% distorsión) Parlante externo; Conector Parlante externo:3-conductor 3,5 (d) mm (1/8") de 8 ohm | C9: UND | D9: 19 | E9: 2536734.9 | F9: =+E9*$D9 -> 48197962
A10: ACCESORIOS DE INSTALACION RADIOS TRANSCEPTORES BASE EN BANDA AERONAUTICA VHF
A11: 3 | B11: CARGADOR / RECTIFICADOR 12 Vdc 20 Amperios: Se requieren Rectificador / Cargador para energizar los equipos transceptores de base en banda aeronáutica, que se ubicarán en las torres de control (ATC), con las siguientes especificaciones: Voltaje de entrada: 108 VAC a 132 VAC / 60 Hz; Voltaje de salida nominal: 13.8 V DC; Corriente de salida: 25 Amperios dc (ciclo de trabajo 30%); Protección de entrada: AC; Protección de transcientes de voltaje (picos de voltaje); Protección salida DC: Breaker de protección sobre corriente; Protección salida DC Baterías: Breaker de protección sobre corriente; Visualización: Display indicador de voltaje y corriente de salida (análogo o Digital); Estabilidad de voltaje salida: ± 5% con carga de 10 Amperios DC o mejor Conexiones: Puerto AC entrada / Puerto DC batería / Puerto DC equipos/ Garantía: Dos (2) años | C11: UND | D11: 9 | E11: =+ANALISIS!V11 -> 1714245 | F11: =+E11*$D11 -> 15428205
A12: 4 | B12: BATERIA 12 Vdc 50 A/h Amperios / Hora: Voltaje nominal (V) 12dc; Almacenamiento (en carga completa) entre -15°C y +50°C; Carga -0°C to +40°C; Descarga -15°C to +40°C; Corriente de carga: Límite de carga de corriente en flotación (A) 12.5 ; Carga cíclica. Limite 12.5; Material de la caja: Standart ABS (UL94:HB); Impedancia: Medida a 1 kHz (mΩ): 5.7; Garantía: (2) Dos años | C12: UND | D12: 9 | E12: =+ANALISIS!V12 -> 313835 | F12: =+E12*$D12 -> 2824515
A13: 5 | B13: CABLE PARA ALIMENTACION DC EN RADIOS TRANSCEPTORES BASE: CALIBRE #14 tipo AWG; Tipo Flexible; Soporte de Corriente en DC para 10-20 AMP; Encauchetado con colores para identificar polaridad (+ y -); Estándar AWG | C13: MTS | D13: 270 | E13: =+ANALISIS!V13 -> 5442.585 | F13: =+E13*$D13 -> 1469497.9
A14: 6 | B14: CABLE COAXIAL FLEXIBLE RG-8 / U (Instalación antenas de Radios BASE Transceptores): Tipo 8237, para adaptar a conectores tipo AMPHENOL; Conductor de cobre desnudo; Aislamiento de polietileno; Material en cobre; Malla apantallada al 97%; Chaqueta de PVC; Tipo de cable: RG8 flexible; Impedancia: 50 ohmios; Atenuación: 1.9 dB por cada 30 metros a 100 Mhz, o mejor Calibre 13AWG | C14: MTS | D14: 230 | E14: =+ANALISIS!V14 -> 44386.28 | F14: =+E14*$D14 -> 10208844
A15: 7 | B15: ANTENA VHF OMNIDIRECCIONAL: BANDA 118 A 136 MHz; IMPEDANCIA DE 50 OHMS; Material Antena: Fibra de vidrio; Ganancia: 0 db o mejor; Polarización: Vertical; Potencia: 50 W o Superior; Propagación RF: Antena omnidireccional; Ancho de Banda: 3 MHz; Conector: N Hembra Tipo Amphenol; Garantía: Dos años (2) | C15: UND | D15: 14 | E15: =+ANALISIS!V15 -> 510787.36 | F15: =+E15*$D15 -> 7151023.1
A16: 8 | B16: CONECTOR RF/ Coaxial N JACK STR 50. OHM– ABRAZADERA/SOLDADURA: Estilo del cuerpo: Conector recto; Tipo de conector: N Coaxial macho (lado antena y lado radio) para cable RG-8. Adaptable al conector de radio a ser ofertado; terminación coaxial: Soldadura / Clamp; Impedancia de entrada: 50 ohm; Tipo de cable RG: RG-8; Tipo de montaje: Cable; Material de contacto: De bronce; Cumple con RoHS: Si | C16: UND | D16: 28 | E16: =+ANALISIS!V16 -> 40938.963 | F16: =+E16*$D16 -> 1146290.9
A17: COSTOS TOTALES | F17: =SUM(F8:F16) -> 1.6806723e+08
A18: IVA | F18: =(F17)*19/100 -> 31932773
A19: TOTAL PROYECTO | F19: =(F17+F18) -> 2e+08
A20: NOTA 1. Se adjudica por el presupuesto oficial NOTA 2. Si se requiere especificar listado de insumos o repuestos, anexarlo a este formato.
A21: FIRMA REPRESENTANTE LEGAL ______________________________________________ Nombre ______________________________________________ NIT ______________________________________________ Direccion ______________________________________________ Telefonos, Fax ______________________________________________ Direccion correo electronico ______________________________________________ Numero Celular ______________________________________________ ciudad ______________________________________________

Sheet ANALISIS
A3: Principio de Procedencia: 1105.17.011 | C3: Versión: 01 | E3: Fecha:28/10/2019 | F3: Página: 1 de 1 | M3: IPC | P3: 0.0161
A4: OBJETO: RCNC0805 ADQUISICION RADIÓS BASE TRANSCEPTORES Y PORTATILES EN BANDA AERONAUTICA VHF, PARA TORRES DE CONTROL Y ESTACIONES AERONAUTICAS DE LA REGIONAL CUNDINAMARCA
A5: TRANSCEPTORES DE RADIO BASE Y PORTATILES | K5: HISTORICOS 2020 | V5: PRESUPUESTO
E6: DMC WIRELESS SYSTEM | G6: RAPIDEXXUS SA | I6: LEVEL SIIETE | K6: ROHDE-SCHWARZ, | N6: MELTEC | Q6: PROMEDIO | R6: DESVIACION ESTANDAR | T6: LIMI INF | U6: LIM SUP | V6: VALOR UNITARIO | W6: VALOR PARCIAL
A7: ÍTEM | B7: DESCRIPCIÓN | C7: UNIDAD | D7: CANTIDAD | E7: VALOR UNITARIO | F7: VALOR PARCIAL | G7: VALOR UNITARIO | H7: VALOR PARCIAL | I7: VALOR UNITARIO | J7: VALOR PARCIAL | K7: VALOR UNITARIO | L7: INCREMENTO IPC | M7: VALOR PARCIAL | N7: VALOR UNITARIO | O7: INCREMENTO IPC | P7: VALOR PARCIAL
A8: 1 | B8: RADIO BASE (TRANSCEPTOR) Banda Aeronáutica VHF: Rango de frecuencia VHF 118,000 Mhz a 136,975 Mhz con espaciamientos de 25,0 Khz;118.000 Mhz a 136,992 Mhz con espaciamientos de 8,33 Khz; Modulación: AM (6K00A3E / 5K60A3E); Estabilidad de frecuencia: ±5 ppm; Rango de temperatura de trabajo: -20 °C a 55 °C; Impedancia de antena: 50 ohmios; Número de canales de memoria: 20 posiciones de memoria mínimo; Energía de alimentación requerida: AC 110 VAC/220 VAC 60 Hz - DC de 12 A 24 VDC; Potencia de salida RF: 8 W mínimo (potencia efectiva de portadora) o mejor; Emisión de espurios: - 60 dBc; Rango de modulación: 70 % (máximo 98%); Sensibilidad de recepción: señal de 2 microvoltios o menor, 6dB S/N; Selectividad de recepción: Con pasos de 25Khz ± 3 Khz 6 dB ±22 Khz 60 dB; Con pasos de 8,33 Khz ± 2,778 Khz 6 dB ±7,33 Khz 60 dB; Respuesta de espurios: Mejor que 74 dBu ; Accesorios: Micrófono, kit de instalación en mesa (consola), parlante externo; Puerto de RF 50 OHM:Conector N Hembra (o con adaptador coaxial); Tipo de Montaje: Base para Consola Aeronáutica con Soporte mecánico de fijación metalico; Micrófono: De mano o de pedestal (de preferencia) con Impedancia Compatible al puerto de entrada; Pantalla: Alfanumérica e indicador de señal de recepción y transmisión, tipo matriz de puntos para visión nocturna y diurna; Selectividad: 6dB +- 3Khz 60dB+-22Khz; Impedancia de salida parlante:8 ohmios; Reducción de ruido: Función ANL (Automatic noise limiter); Límite de Modulación: 70% (Max 98%); Interfaz ETH: Acceso de red para control y acceso remoto(opcional); Puerto salida audio: Disponibilidad de un puerto análogo de voz para grabación externa; Garantía: Dos (2) años | C8: UND | D8: 14 | E8: 6368284 | F8: =+E8*$D$8 -> 89155976 | G8: 5294700 | H8: =+G8*$D8 -> 74125800 | I8: 7977500 | J8: =+I8*$D8 -> 111685000 | Q8: =+AVERAGE(E8,G8,I8) -> 6546828 | R8: =+STDEV(E8,G8,I8) -> 1350282.3 | T8: =+Q8-R8 -> 5196545.7 | U8: =+R8+Q8 -> 7897110.4 | V8: =+AVERAGE(E8,G8) -> 5831492 | W8: =+V8*D8 -> 81640888
A9: 3 | B9: RADIOS TRANSCEPTORES PORTATILES BANDA AERONAUTICA VHF: Pantalla Alfanumérica e indicador de señal, tipo matriz de puntos para visión nocturna y diurna; LCD > a 2,3Pulg; Batería: Ion de litio de gran capacidad (2350 mAh) con Indicador de carga; Separación de canal: 8,33 KHz y 25 KHz; Tecla Acceso Configuración: que permita selección inmediata con EMERG 121,50 MHZ; Rango de frecuencia: 118.0 MHz a 136,992 MHz: Protección: Norma IP57; Antena Impedancia de: 50 ohmios omnidireccional; Estabilidad de frecuencia: ±0,4 KHz o ; mejor; Memoria Canales: 20 o más posiciones de memoria, Configuracionpor Grupos, función de SCAN; Tipo de Modulación: AM (6K00A3E/5K60A3E); Cargador: Voltaje de entrada 110 / 220 VAC carga rápida; TRANSMISION: Potencia RF: Salida 6,0 W / 1,8W (PEP/Portadora); S/N > de 35dB; Emisión de espurios:> de 46dB; Audio Distorsión armónicos: > de 10% (a 60% de Modulación); RECEPCION; Frecuencias Intermedia:46,35 MHZ / 450 KHZ; Sensibilidad: COM (6dB S/N) > de 0 dB; Squelch Sensibilidad > de 0 dB (AM); > de - 5dB (FM); Audio Potencia salida: 530mW típicos (AM 8 ohm/ 60% Mod a 10% distorsión) Parlante externo; Conector Parlante externo:3-conductor 3,5 (d) mm (1/8") 8 ohm | C9: UND | D9: 19 | E9: 2103014.7 | F9: =+E9*$D$8 -> 29442206 | G9: 3034600 | H9: =+G9*$D9 -> 57657400 | I9: 3377570 | J9: =+I9*$D9 -> 64173830 | K9: 2345000 | L9: =+K9*$P$3+K9 -> 2382754.5 | M9: =+K9*$D9 -> 44555000 | N9: 2567860 | O9: =+N9*$P$3+N9 -> 2609202.5 | P9: =+N9*$D9 -> 48789340 | Q9: =+AVERAGE(E9,G9,L9,O9,I9) -> 2701428.4 | R9: =+STDEV(E9,G9,L9,O9,I9) -> 509001.07 | T9: =+Q9-R9 -> 2192427.3 | U9: =+R9+Q9 -> 3210429.4 | V9: =+AVERAGE(E9,L9,O9,G9) -> 2532392.9 | W9: =+V9*D9 -> 48115466
A10: ACCESORIOS DE INSTALACION RADIOS TRANSCEPTORES BASE EN BANDA AERONAUTICA VHF
A11: 5 | B11: CARGADOR RECTIFICADOR AC/DC PARA RADIO BASE TRANSCEPTOR VHF: Se requieren Rectificador / Cargador para energizar los equipos transceptores de base en banda aeronáutica, que se ubicarán en las torres de control (ATC), con las siguientes especificaciones: Voltaje de entrada: 108 VAC a 132 VAC / 60 Hz; Voltaje de salida nominal: 13.8 V DC; Corriente de salida: 25 Amperios dc (ciclo de trabajo 30%); Protección de entrada: AC; Protección de transcientes de voltaje (picos de voltaje); Protección salida DC: Breaker de protección sobre corriente; Protección salida DC Baterías: Breaker de protección sobre corriente; Visualización: Display indicador de voltaje y corriente de salida (análogo o Digital); Estabilidad de voltaje salida: ± 5% con carga de 10 Amperios DC o mejor Conexiones: Puerto AC entrada / Puerto DC batería / Puerto DC equipos/ Garantía:Dos (2) años mínimo | C11: UND | D11: 9 | E11: 1892857.1 | F11: =+E11*$D$8 -> 26500000 | G11: 1672000 | H11: =+G11*$D11 -> 15048000 | I11: 1756490 | J11: =+I11*$D11 -> 15808410 | Q11: =+AVERAGE(E11,G11,I11) -> 1773782.4 | R11: =+STDEV(E11,G11,I11) -> 111439.4 | T11: =+Q11-R11 -> 1662343 | U11: =+R11+Q11 -> 1885221.8 | V11: =+AVERAGE(I11,G11) -> 1714245 | W11: =+V11*D11 -> 15428205
A12: 6 | B12: BATERIA 12 Vdc 20 Amperios: Voltaje nominal (V) 12dc; Evaluar a 20 hr la capacidad de 10,5V a 20ºC (ah) 50; Evaluar a 10 hr la capacidad de 10,8V a 20ºC (ah) 40; Almacenamiento (en carga completa) entre -15°C y +50°C; Carga -0°C to +40°C; Descarga -15°C to +40°C; Corriente de carga: Límite de carga de corriente en flotación (A) 12.5 ; Carga cíclica. Limite 12.5; Material de la caja: Standart ABS (UL94:HB); Impedancia: Medida a 1 kHz (mΩ): 5.7;Garantía: Dos años (2) | C12: UND | D12: 9 | E12: 300000 | F12: =+E12*$D$8 -> 4200000 | G12: 445900 | H12: =+G12*$D12 -> 4013100 | I12: 327670 | J12: =+I12*$D12 -> 2949030 | Q12: =+AVERAGE(E12,G12,I12) -> 357856.67 | R12: =+STDEV(E12,G12,I12) -> 77492.765 | T12: =+Q12-R12 -> 280363.9 | U12: =+R12+Q12 -> 435349.43 | V12: =+AVERAGE(E12,I12) -> 313835 | W12: =+V12*D12 -> 2824515
A13: 7 | B13: CABLE PARA ALIMENTACION DC EN RADIOS TRANSCEPTORES BASE: CALIBRE #14 tipo AWG; Tipo Flexible; Soporte de Corriente en DC para 10-20 AMP; Encauchetado con colores para identificar polaridad (+ y -); Estándar AWG | C13: MTS | D13: 270 | E13: 5485.17 | F13: =+E13*$D$8 -> 76792.38 | G13: 5400 | H13: =+G13*$D13 -> 1458000 | I13: 2500 | J13: =+I13*$D13 -> 675000 | Q13: =+AVERAGE(E13,G13,I13) -> 4461.7233 | R13: =+STDEV(E13,G13,I13) -> 1699.4359 | T13: =+Q13-R13 -> 2762.2875 | U13: =+R13+Q13 -> 6161.1592 | V13: =+AVERAGE(E13,G13) -> 5442.585 | W13: =+V13*D13 -> 1469497.9
A14: 8 | B14: CABLE COAXIAL FLEXIBLE RG-8 (Instalación antenas de Radios BASE Transceptores): Conductor de cobre desnudo; Aislamiento de polietileno; Material en cobre; Malla apantallada al 97%; Chaqueta de PVC; Tipo de cable: RG8 flexible; Impedancia: 50 ohmios; Atenuación: 1.9 dB por cada 30 metros a 100 Mhz, o mejor | C14: MTS | D14: 230 | E14: 26877.34 | F14: =+E14*$D$8 -> 376282.76 | G14: 39100 | H14: =+G14*$D14 -> 8993000 | I14: 65400 | J14: =+I14*$D14 -> 15042000 | K14: 52000 | L14: =+K14*$P$3+K14 -> 52837.2 | M14: =+K14*$D14 -> 11960000 | N14: 57800 | O14: =+N14*$P$3+N14 -> 58730.58 | P14: =+N14*$D14 -> 13294000 | Q14: =+AVERAGE(E14,G14,L14,O14,I14) -> 48589.024 | R14: =+STDEV(E14,G14,L14,O14,I14) -> 15531.789 | T14: =+Q14-R14 -> 33057.235 | U14: =+R14+Q14 -> 64120.813 | V14: =+AVERAGE(E14,G14,L14,O14) -> 44386.28 | W14: =+V14*D14 -> 10208844
A15: 9 | B15: ANTENA VHF OMNIDIRECCIONAL: BANDA 118 A 136 MHz; IMPEDANCIA DE 50 OHMS; Material Antena: Fibra de vidrio; Ganancia: 0 db o mejor; Polarización: Vertical; Potencia: 50 W o Superior; Propagación RF: Antena omnidireccional; Ancho de Banda: 3 MHz; Conector: N Hembra; Garantía: Dos años (2) mínimo | C15: UND | D15: 14 | E15: 492074.73 | F15: =+E15*$D$8 -> 6889046.2 | G15: 529500 | H15: =+G15*$D15 -> 7413000 | I15: 2670800 | J15: =+I15*$D15 -> 37391200 | Q15: =+AVERAGE(E15,G15,I15) -> 1230791.6 | R15: =+STDEV(E15,G15,I15) -> 1247224.3 | T15: =+Q15-R15 -> -16432.684 | U15: =+R15+Q15 -> 2478015.8 | V15: =+AVERAGE(E15,G15) -> 510787.36 | W15: =+V15*D15 -> 7151023.1
A16: 10 | B16: CONECTOR RF/ Coaxial N JACK STR 50. OHM– ABRAZADERA/SOLDADURA: Estilo del cuerpo: Conector recto; Tipo de conector: N Coaxial macho (lado antena y lado radio) para cable RG-8. Adaptable al conector de radio a ser ofertado; terminación coaxial: Soldadura / Clamp; Impedancia de entrada: 50 ohm; Tipo de cable RG: RG-8; Tipo de montaje: Cable; Material de contacto: De bronce; Cumple con RoHS: Si | C16: UND | D16: 28 | E16: 15797.29 | F16: =+E16*$D$8 -> 221162.06 | G16: 20000 | H16: =+G16*$D16 -> 560000 | I16: 77560 | J16: =+I16*$D16 -> 2171680 | K16: 49600 | L16: =+K16*$P$3+K16 -> 50398.56 | M16: =+K16*$D16 -> 1388800 | N16: 125300 | O16: =+N16*$P$3+N16 -> 127317.33 | P16: =+N16*$D16 -> 3508400 | Q16: =+AVERAGE(E16,G16,L16,O16,I16) -> 58214.636 | R16: =+STDEV(E16,G16,L16,O16,I16) -> 46016.59 | T16: =+Q16-R16 -> 12198.046 | U16: =+R16+Q16 -> 104231.23 | V16: =+AVERAGE(E16,G16,I16,L16) -> 40938.963 | W16: =+V16*D16 -> 1146290.9
A17: COSTOS TOTALES | F17: =SUM(F8:F16) -> 1.5686147e+08 | H17: =SUM(H8:H16) -> 169268300 | J17: =SUM(J8:J16) -> 249896150 | W17: =SUM(W8:W16) -> 1.6798473e+08
A18: IVA | F18: =(F17)*19/100 -> 29803679 | H18: =(H17)*19/100 -> 32160977 | J18: =(J17)*19/100 -> 47480268 | W18: =(W17)*19/100 -> 31917099
A19: TOTAL PROYECTO | F19: =(F17+F18) -> 1.8666514e+08 | H19: =(H17+H18) -> 201429277 | J19: =(J17+J18) -> 2.9737642e+08 | W19: =(W17+W18) -> 1.9990183e+08
A20: NOTA 1. Se adjudica por el presupuesto oficial NOTA 2. Si se requiere especificar listado de insumos o repuestos, anexarlo a este formato.
A21: FIRMA REPRESENTANTE LEGAL ______________________________________________ Nombre ______________________________________________ NIT ______________________________________________ Direccion ______________________________________________ Telefonos, Fax ______________________________________________ Direccion correo electronico ______________________________________________ Numero Celular ______________________________________________ ciudad ______________________________________________
O33: DMCWS | Q33: 3.5711449e+08
O34: LEVEL SIIETE | Q34: 516452503
O35: RAPIDEXXUS | Q35: 394103843
